 Dungeon Crawl Stone Soup version 0.30.0-10-gfe55d96785 (webtiles) character file.

Game seed: 4399486583021555831

122 Strat the Digger (level 5, 0/35 HPs)
             Began as a Barachi Earth Elementalist on May 13, 2023.
             Slain by an orc
             ... wielding a +0 dagger
              (3 damage)
             ... on level 3 of the Dungeon.
             The game lasted 00:06:27 (2247 turns).

Strat the Digger (Barachi Earth Elementalist)       Turns: 2247, Time: 00:06:27

Health: 0/35       AC:  2    Str: 11    XL:     5   Next: 6%
Magic:  4/8        EV: 12    Int: 15    God:
Gold:   129        SH:  0    Dex: 13    Spells: 2/8 levels left

rFire   . . .        a - +0 short sword
rCold   . . .        (no shield)
rNeg    . . .        c - +0 robe
rPois   .            (no helmet)
rElec   .            (no cloak)
rCorr   .            (no gloves)
SInv    .            (no boots)
Will    .....        (no amulet)
Stlth   ++           (no ring)
HPRegen 0.25/turn    (no ring)
MPRegen 0.11/turn

%: no passive effects
@: slow
A: amphibious, slowness 1, strong legs 1, +LOS
a: Hop


You were on level 3 of the Dungeon.
You visited 1 branch of the dungeon, and saw 3 of its levels.

You collected 129 gold pieces.

Inventory:

Hand Weapons
 a - a +0 short sword (weapon)
Armour
 c - a +0 robe (worn)
 p - a +0 leather armour of fire resistance
Scrolls
 d - 2 scrolls of identify {unknown}
 j - a scroll of noise {unknown}
 l - a scroll of teleportation {unknown}
 n - a scroll of fog {unknown}
 o - a scroll of fear {unknown}
Potions
 e - a potion of might {unknown}
 f - a potion of degeneration {unknown}
 g - a potion of brilliance {unknown}
 h - a potion of resistance {unknown}
 i - a potion of attraction {unknown}
 k - 2 potions of mutation {unknown}
 m - a potion of berserk rage {unknown}


   Skills:
 + Level 0.2 Fighting
 - Level 2.1 Dodging
 - Level 1.7 Stealth
 + Level 2.2 Spellcasting
 + Level 2.3 Conjurations
 - Level 1.1 Transmutations
 + Level 5.0 Earth Magic


You had 2 spell levels left.
You knew the following spells:

 Your Spells              Type           Power      Damage    Failure   Level
a - Sandblast             Erth           32%        2d9       2%          1
b - Passwall              Tmut/Erth      8%         N/A       10%         2
c - Stone Arrow           Conj/Erth      24%        3d8       14%         3

Your spell library contained the following spells:

 Spells                   Type           Power      Damage    Failure   Level
 Petrify                  Tmut/Erth      10%        N/A       52%         4


Dungeon Overview and Level Annotations

Branches:
Dungeon (3/15)

Altars:

Annotations:
D:2 Terence


Innate Abilities, Weirdness & Mutations

You are amphibious.
You cover ground slowly.
You can hop short distances.
You have an extended range of vision and can be seen from far away.


Message History

You kill the hobgoblin!
The orc hits you with a +0 dagger.
* * * LOW HITPOINT WARNING * * *
Casting: Sandblast (safe; 2% risk of failure)
Confirm with . or Enter, or press ? or * to list all spells.
Aiming: Sandblast (safe; 2% risk of failure)
Press: ? - help, Shift-Dir - straight line, f - orc
Aim: an orc, wielding a +0 dagger and wearing a +0 scale mail (84% to hit)
The blast of sand misses the orc.
The orc hits you with a +0 dagger.
* * * LOW HITPOINT WARNING * * *
Casting: Sandblast (safe; 2% risk of failure)
Confirm with . or Enter, or press ? or * to list all spells.
Aiming: Sandblast (safe; 2% risk of failure)
Press: ? - help, Shift-Dir - straight line, f/p - orc
Aim: an orc, wielding a +0 dagger and wearing a +0 scale mail (84% to hit)
The blast of sand hits the orc.
The orc is moderately wounded.
The orc hits you with a +0 dagger.
* * * LOW HITPOINT WARNING * * *
The orc hits you but does no damage.
Casting: Sandblast (safe; 2% risk of failure)
Confirm with . or Enter, or press ? or * to list all spells.
Aiming: Sandblast (safe; 2% risk of failure)
Press: ? - help, Shift-Dir - straight line, f/p - orc
Aim: an orc, wielding a +0 dagger and wearing a +0 scale mail (lightly wounded, 84% to hit)
The blast of sand hits the orc but does no damage.
The orc is lightly wounded.
The orc hits you with a +0 dagger.
* * * LOW HITPOINT WARNING * * *
Casting: Sandblast (safe; 2% risk of failure)
Confirm with . or Enter, or press ? or * to list all spells.
Aiming: Sandblast (safe; 2% risk of failure)
Press: ? - help, Shift-Dir - straight line, f/p - orc
Aim: an orc, wielding a +0 dagger and wearing a +0 scale mail (lightly wounded, 84% to hit)
The blast of sand hits the orc but does no damage.
The orc is lightly wounded.
The orc hits you with a +0 dagger.
* * * LOW HITPOINT WARNING * * *
The orc hits you with a +0 dagger.
You die...

. .#.# ...# #.#'### ###
##.....# #.. .....[.##
#.. ## ##.......## #..
##?..####.........####..
#......@o.........+.....
##...####.........####..
## ##.......# ##.
##.....## ## ##...## #
##'## ## #)# #######.
#)# #....... .
##.###.###.#.


You could see an orc.

Vanquished Creatures
  Natasha (D:2)
  Robin (D:2)
  An adder (D:3)
  3 worms
  A dart slug (D:1)
  2 orcs (D:3)
  5 ball pythons
  9 endoplasms
  2 giant cockroaches
  13 goblins
  6 hobgoblins
  3 quokkas
  A bat (D:2)
  A frilled lizard (D:1)
  4 kobolds
  6 rats
59 creatures vanquished.

Notes
Turn   | Place    | Note
-------+----------+-------------------------------------------
     0 | D:1      | Strat the Barachi Earth Elementalist began the quest for
                  | the Orb.
     0 | D:1      | Reached XP level 1. HP: 13/13 MP: 3/3
   240 | D:1      | Reached XP level 2. HP: 19/19 MP: 3/5
   243 | D:1      | Learned a level 2 spell: Passwall
   656 | D:1      | Reached skill level 4 in Earth Magic
   704 | D:2      | Noticed Natasha
   730 | D:2      | Noticed Robin
   844 | D:2      | Reached XP level 3. HP: 24/24 MP: 3/6
   924 | D:2      | Noticed Terence
  1172 | D:2      | Learned a level 3 spell: Stone Arrow
  1465 | D:2      | Killed Natasha
  1466 | D:2      | Reached skill level 1 in Conjurations
  1466 | D:2      | Reached XP level 4. HP: 30/30 MP: 4/7
  1536 | D:2      | Killed Robin
  2134 | D:3      | Reached skill level 5 in Earth Magic
  2134 | D:3      | Reached XP level 5. HP: 35/35 MP: 5/8
  2247 | D:3      | Slain by an orc

Illustrated notes

Levels and vault maps discovered:
D:1:      wander_arrival_estate, layout_rooms, minmay_misc_feat_columns,
          minivault_23
D:2:      layout_rooms, uniq_natasha, uniq_terence, uniq_robin
D:3:      layout_loops_corners, mainiacjoe_overflow_paths,
          shapermc_ecumenical_altar_flowoftime, corexii_item_surrounded_by_moat,
          st_stairs_7

Skill      XL: |  1  2  3  4 |
---------------+-------------+-----
Earth Magic    | 4 5 |  5.0
Conjurations   | 1 2 |  2.3
Fighting       | |  0.2
Dodging        | |  2.1
Stealth        | |  1.7
Spellcasting   | |  2.2
Transmutations | |  1.1

Action                     |  1- 3 |  4- 6 || total
---------------------------+-------+-------++-------
  Melee: Unarmed           |     6 |       ||     6
         Short sword       |       |    12 ||    12
   Cast: Sandblast         |    52 |    46 ||    98
Ability: Hop               |     1 |       ||     1
    Use: Potion            |       |     1 ||     1
 Armour: Robe              |     3 |     3 ||     6
  Dodge: Dodged            |     9 |    26 ||    35
